 Dungeon Crawl Stone Soup version 0.31-a0-210-gccc998df9b (webtiles) character file.

Game seed: 9470017023107583472

15852 Strat the Brawler (level 12, -6/115 HPs)
             Began as a Troll Berserker on June 30, 2023.
             Was a High Priest of Trog.
             Mangled by a large abomination (32 damage)
             ... on level 2 of the Abyss.
             The game lasted 00:24:27 (8958 turns).

Strat the Brawler (Troll Berserker)                 Turns: 8958, Time: 00:24:28

Health: -6/115     AC:  9    Str: 28    XL:     12   Next: 4%
Magic:  11/11      EV:  8    Int:  5    God:    Trog [*****.]
Gold:   655        SH:  9    Dex: 11    Spells: 11/11 levels left

rFire   . .          .
                       - Unarmed
rCold   + + .        p - +0 kite shield
rNeg    . . .        j - +2 robe {Will+}
rPois   .            (helmet restricted)
rElec   .            c - +2 cloak {rCorr}
rCorr   +            (gloves unavailable)
SInv    .            (boots unavailable)
Will    +....        m - amulet of regeneration
Stlth   +            l - ring of protection from cold
HPRegen 1.99/turn    D - ring of protection from cold
MPRegen 0.12/turn

%: no passive effects
@: on berserk cooldown, hasted and slowed, constricted
A: large, unfitting armour, claws 3, regeneration 1, shaggy fur 1, tough skin 1
a: Renounce Religion, Berserk, Trog's Hand, Brothers in Arms


You were on level 2 of the Abyss.
You worshipped Trog.
Trog was extremely pleased with you.
You visited 2 branches of the dungeon, and saw 12 of its levels.
You visited the Abyss 1 time.
You also visited: Sewer and Ossuary.

You collected 655 gold pieces.

Inventory:

Missiles
 b - 11 poisoned darts (quivered)
 q - 6 large rocks
 C - 4 throwing nets
Armour
 c - a +2 cloak of preservation (worn)
 j - a +2 robe of willpower (worn)
 p - a +0 kite shield (worn)
 B - a +0 troll leather armour
Jewellery
 l - a ring of protection from cold (left claw)
 m - an amulet of regeneration (around neck)
 z - an amulet of reflection
 D - a ring of protection from cold (right claw)
Wands
 a - a wand of mindburst (7)
 g - a wand of iceblast (19)
 w - a wand of acid (13)
 y - a wand of paralysis (7)
Scrolls
 s - a scroll of identify
Potions
 d - a potion of magic
 e - a potion of enlightenment
 f - a potion of mutation
 h - a potion of lignification
 k - 3 potions of attraction
 n - 3 potions of haste
 o - 5 potions of brilliance
 r - 2 potions of curing
 t - a potion of might {unknown}
 u - a potion of berserk rage {unknown}


   Skills:
 - Level 6.7 Fighting
 - Level 6.7 Dodging
 + Level 6.9 Shields
 * Level 15.1 Unarmed Combat


You had 11 spell levels left.
You didn't know any spells.
Your spell library was empty.

Dungeon Overview and Level Annotations

Branches:
Dungeon (11/15)            Temple (0/1) D:6            Lair (0/5) D:9
    Orc (1/2) D:10          Sewer (visited)         Ossuary (visited)

Altars:
Hepliaklqana
Okawaru
Ru
Sif Muna
Wu Jian

Shops:
D:1 [   D:8 ?   D:11 !


Innate Abilities, Weirdness & Mutations

You are too large for most types of armour.
You have claws for hands.
Your natural rate of healing is unusually fast.
You are covered in fur. (AC +1)
You have tough skin. (AC +1)


Message History

* * * LOW HITPOINT WARNING * * *
The fireball engulfs the efreet.
The efreet completely resists.
You hear a croak.
You hear a shout!
You hear a croak.
You hear a shout!
You feel much better. The efreet closely misses you.
You scratch the efreet but do no damage.
The efreet is almost dead.
The efreet hits you with a +1 scimitar of flaming!
* * * LOW HITPOINT WARNING * * *
The efreet burns you.
* * * LOW HITPOINT WARNING * * *
A tentacled starspawn comes into view.
You scratch the efreet but do no damage.
The efreet is almost dead.
The efreet hits you with a +1 scimitar of flaming!!
* * * LOW HITPOINT WARNING * * *
The efreet burns you!
* * * LOW HITPOINT WARNING * * *
Unknown command.
You feel much better. The efreet gestures at you.
The fireball explodes!
The fireball engulfs you!
* * * LOW HITPOINT WARNING * * *
The fireball engulfs the efreet.
The efreet completely resists.
You hear a loud, deep croak!
You hear a croak. x2; You hear a chilling moan.
You're still recovering from your berserk rage.
You claw the efreet!
You kill the efreet!
Trog accepts your kill.
Tentacles burst from the starspawn's body!
A large abomination comes into view. 2 starspawn tentacles come into view.
You mangle the large abomination!!
The large abomination is heavily damaged.
You hear a croak. x3
You mangle the large abomination!!
The large abomination is almost destroyed.
The starspawn tentacle grabs you. The starspawn tentacle constricts you.
* * * LOW HITPOINT WARNING * * *
The large abomination hits you!!
You die...

...# ....
.# . #...
. ## . . †
.##.# . #
.#.#. # ..
#
###...###
# # . . #.
. . .# .##
## . ## ..
# # #..
###X# .
..# .
...#.
#.@#.h. .#
.#
###.w.##.#
.§ . .
##│.# #.#
#wX# h.
..#. ..§
##. # ..#
#. . #. .
.


You could see a tentacled starspawn, a large abomination and 2 starspawn
tentacles.

Vanquished Creatures
  A tentacled starspawn (Abyss:2)
  A rakshasa (D:9)
  4 two-headed ogres
  A cyclops (D:9)
  Maurice (D:9)
  A gargoyle (D:9)
  An efreet (Abyss:2)
  A meliai (D:9)
  4 trolls
  3 raiju (Abyss:2)
  2 blink frogs (Abyss:2)
  2 vampires
  2 wraiths (Ossuary)
  2 wyverns (D:9)
  A basilisk (D:11)
  18 yaks
  Grum (D:9)
  2 steam dragons
  4 wargs
  A water moccasin (D:6)
  5 orc warriors
  A sky beast (D:8)
  An ogre (D:4)
  A black bear (D:6)
  4 centaurs (D:9)
  4 wolves
  A kobold brigand (D:9)
  A phantom (D:7)
  4 bullfrogs
  A scorpion (D:5)
  2 gnoll sergeants
  A small abomination (Abyss:2)
  10 wights
  5 killer bees (D:7)
  3 hounds
  3 jellies
  2 gnoll boudas (D:9)
  6 orc priests
  A sleepcap (D:6)
  2 iguanas (D:6)
  Natasha (D:3)
  11 orc wizards
  Robin (D:2)
  16 gnolls
  10 adders
  6 river rats (Sewer)
  A shadow imp (D:8)
  3 white imps
  An adder zombie (Ossuary)
  5 worms
  2 dart slugs (D:3)
  22 orcs
  13 ball pythons
  6 bats
  2 endoplasms
  5 giant cockroaches
  9 hobgoblins
  2 jackals (D:2)
  3 quokkas
  A ball python skeleton (Ossuary)
  5 frilled lizards
  17 goblins
  A hobgoblin skeleton (Ossuary)
  12 kobolds
  2 orc skeletons (Ossuary)
  2 orc zombies (Ossuary)
  42 rats
  A butterfly (D:2)
313 creatures vanquished.

Vanquished Creatures (others)
  A chaos spawn (Abyss:2)
  2 starspawn tentacles (Abyss:2)
3 creatures vanquished.

Grand Total: 316 creatures vanquished

Notes
Turn   | Place    | Note
-------+----------+-------------------------------------------
     0 | D:1      | Strat the Troll Berserker began the quest for the Orb.
     0 | D:1      | Reached XP level 1. HP: 22/22 MP: 0/0
   263 | D:1      | Reached XP level 2. HP: 29/29 MP: 1/1
   360 | D:1      | Found Macof's Armour Emporium.
   830 | D:2      | Reached XP level 3. HP: 33/36 MP: 2/2
   853 | D:2      | Noticed Robin
   861 | D:2      | Killed Robin
   861 | D:2      | Reached ** piety under Trog
  1028 | D:2      | Reached skill level 4 in Unarmed Combat
  1180 | D:2      | Reached XP level 4. HP: 36/36 MP: 3/3
  2185 | D:3      | Identified the +3 dagger of Objectivity {pain, Int+3}
  2245 | D:3      | Reached *** piety under Trog
  2246 | D:3      | Reached XP level 5. HP: 47/53 MP: 4/4
  2529 | D:3      | Noticed Natasha
  2530 | D:3      | Killed Natasha
  2531 | D:3      | Reached skill level 5 in Unarmed Combat
  2741 | D:4      | Noticed an ogre
  2748 | D:4      | Killed an ogre
  2749 | D:4      | Reached XP level 6. HP: 61/61 MP: 5/5
  3006 | D:4      | Found a glowing drain.
  3010 | Sewer    | Entered a sewer
  3102 | Sewer    | Reached **** piety under Trog
  3309 | Sewer    | Reached skill level 6 in Unarmed Combat
  3314 | Sewer    | Reached XP level 7. HP: 25/68 MP: 6/6
  3492 | D:4      | Identified a scroll of acquirement
  3494 | D:5      | Entered Level 5 of the Dungeon
  3871 | D:5      | Found a hazy altar of Hepliaklqana.
  3871 | D:5      | Found an iron altar of Okawaru.
  3871 | D:5      | Found a sacrificial altar of Ru.
  3898 | D:5      | Found a shimmering blue altar of Sif Muna.
  4249 | D:6      | Noticed a steam dragon
  4267 | D:6      | Killed a steam dragon
  4267 | D:6      | Reached ***** piety under Trog
  4268 | D:6      | Reached skill level 7 in Unarmed Combat
  4303 | D:6      | Reached XP level 8. HP: 65/79 MP: 7/7
  4361 | D:6      | Found an ornate altar of the Wu Jian Council.
  4519 | D:6      | Reached skill level 8 in Unarmed Combat
  4586 | D:6      | Reached skill level 5 in Fighting
  4586 | D:6      | Reached skill level 5 in Dodging
  4654 | D:6      | Found a staircase to the Ecumenical Temple.
  4869 | D:7      | Identified the ring of Ifoczav {Wiz rPois Str-5 Int+6
                  | Dex+3}
  5290 | D:7      | Found a sand-covered staircase.
  5295 | Ossuary  | Entered an ossuary
  5343 | Ossuary  | Reached XP level 9. HP: 85/88 MP: 8/8
  5352 | Ossuary  | Reached skill level 9 in Unarmed Combat
  5610 | D:7      | Identified the +4 quarterstaff of Conscience {freeze, rC+}
  5716 | D:8      | Found Qedwuar's Magic Scroll Shoppe.
  5744 | D:8      | Identified the +1 robe of Resilience {+Inv Will+ Dex+3}
  5802 | D:8      | Reached skill level 10 in Unarmed Combat
  5920 | D:8      | Noticed a troll
  5927 | D:8      | Killed a troll
  6157 | D:9      | Noticed a troll
  6161 | D:8      | Killed a troll
  6172 | D:9      | Noticed Grum
  6179 | D:8      | Reached XP level 10. HP: 54/100 MP: 9/9
  6208 | D:9      | Noticed a two-headed ogre
  6340 | D:9      | Noticed a cyclops
  6343 | D:9      | Noticed a gargoyle
  6453 | D:9      | Killed Grum
  6454 | D:9      | Reached skill level 11 in Unarmed Combat
  6601 | D:9      | Killed a gargoyle
  6602 | D:9      | Reached skill level 1 in Shields
  6670 | D:9      | Noticed Maurice
  6681 | D:9      | Killed Maurice
  6707 | D:9      | Reached skill level 12 in Unarmed Combat
  6721 | D:9      | Noticed a two-headed ogre
  6739 | D:9      | Killed a two-headed ogre
  6837 | D:9      | Found a staircase to the Lair.
  6916 | D:9      | Killed a cyclops
  7136 | D:9      | Received a gift from Trog
  7159 | D:9      | Noticed a rakshasa
  7172 | D:9      | Killed a rakshasa
  7173 | D:9      | Reached skill level 13 in Unarmed Combat
  7173 | D:9      | Reached XP level 11. HP: 107/107 MP: 10/10
  7175 | D:9      | Killed a two-headed ogre
  7526 | D:10     | Entered Level 10 of the Dungeon
  7556 | D:9      | Reached skill level 5 in Shields
  7649 | D:10     | Found a staircase to the Orcish Mines.
  8353 | D:10     | Noticed a two-headed ogre
  8363 | D:10     | Killed a two-headed ogre
  8364 | D:10     | Reached skill level 14 in Unarmed Combat
  8573 | Orc:1    | Entered Level 1 of the Orcish Mines
  8765 | D:11     | Noticed a two-headed ogre
  8769 | D:11     | Killed a two-headed ogre
  8794 | D:11     | Found Uczadull's Distillery.
  8794 | D:11     | Noticed a wizard
  8818 | Abyss:2  | Cast into level 2 of the Abyss (a wizard)
  8865 | Abyss:2  | Noticed a tentacled starspawn
  8873 | Abyss:2  | Killed a tentacled starspawn
  8936 | Abyss:2  | Reached skill level 15 in Unarmed Combat
  8936 | Abyss:2  | Reached XP level 12. HP: 53/115 MP: 11/11
  8953 | Abyss:2  | Noticed a tentacled starspawn
  8958 | Abyss:2  | Mangled by a large abomination

Illustrated notes

Levels and vault maps discovered:
D:1:      kennysheep_arrival_forest, layout_loops_ring, serial_shops,
          nicolae_shop_just_a_little_nook, kennysheep_pointless_box
D:2:      minmay_spotlight, layout_basic, hangedman_glass_garden,
          minmay_rat_hole, uniq_robin
D:3:      layout_basic, uniq_natasha
D:4:      layout_cave_pools, gup_sewer_entry_spiral, guppyfry_early_lair_pool
D:5:      layout_basic, grunt_temple_overflow_cloverleaf
D:6:      layout_loops_cross, mainiacjoe_overflow_chevrons,
          minmay_temple_entry_purple_smoke,
          nicolae_concentric_dashed_squares_wild
D:7:      layout_basic, enter_ossuary_5
D:8:      layout_rooms, serial_shops, nicolae_shop_gibbet_a_chance,
          onia_ninara_dug_in_and_dangerous
D:9:      nzn_winding_woodlands_small [nzn_winding_woodlands_5x15_concentric,
          nzn_winding_woodlands_center_triple_pond,
          nzn_winding_woodlands_5x15_sawtooth], layout_grid_maze,
          erik_lair_orcish_takeover, minmay_misc_feat_pillars, uniq_grum,
          uniq_maurice
D:10:     layout_gridville, orc_0_dummy
D:11:     layout_rooms, serial_shops, shop_statue, uniq_lodul
Orc:1:    layout_caves, serial_shops, nicolae_shop_hallway_stairs, mines1_david,
          uniq_jorgrun, uniq_erica, uniq_josephine
Abyss:2:  base: Lair:3, minivault_1, lemuel_flamethrower_hall

Skill      XL: |  1  2  3  4  5  6  7  8  9 10 11 |
---------------+----------------------------------+-----
Unarmed Combat | 4 5 6 7 8 10 13 15 | 15.1
Dodging        | 3 4 5 6 |  6.7
Fighting       | 3 4 5 6 |  6.7
Shields        | 4 6 |  6.9

Action                     |  1- 3 |  4- 6 |  7- 9 | 10-12 || total
---------------------------+-------+-------+-------+-------++-------
  Melee: Unarmed           |   119 |   260 |   229 |   338 ||   946
         Punch             |     1 |     4 |    12 |    13 ||    30
  Throw: Dart              |       |     1 |       |     4 ||     5
 Invoke: Berserk           |       |     2 |       |     5 ||     7
  Evoke: Wand              |       |       |     1 |       ||     1
    Use: Scroll            |       |    15 |     8 |     1 ||    24
         Potion            |       |       |       |     6 ||     6
   Stab: Paralysed         |       |       |     1 |       ||     1
         Sleeping          |       |       |     1 |       ||     1
 Armour: Animal skin       |    34 |   108 |    17 |       ||   159
         Robe              |       |       |    37 |    84 ||   121
  Dodge: Dodged            |    59 |   178 |    97 |   165 ||   499
  Block: Kite shield       |       |       |       |    45 ||    45

Table legend: (Time is in decaauts)
 A = Elapsed time spent in this place.
 B = Non-inter-level travel time spent in this place.
 C = Inter-level travel time spent in this place.
 D = Time resting spent in this place.
 E = Time spent auto-exploring this place.
 F = Levels seen in this place.
 G = Mean time per level.
                   A        B        C        D        E       F      G
               +--------+--------+--------+--------+--------+-----+--------+
         Total |   8891 |   8529 |    362 |      6 |   5092 |  15 |  592.7 |
       Dungeon |   8096 |   7734 |    362 |      6 |   4927 |  11 |  736.0 |
  Orcish Mines |     16 |     16 |      0 |      0 |      0 |   1 |   16.0 |
         Abyss |    133 |    133 |      0 |      0 |      0 |   1 |  133.0 |
         Sewer |    351 |    351 |      0 |      0 |     63 |   1 |  351.0 |
       Ossuary |    294 |    294 |      0 |      0 |    102 |   1 |  294.0 |
               +--------+--------+--------+--------+--------+-----+--------+

Top non-repeatable levels by time:
     D:9: 1300 daAuts
     D:2: 1117 daAuts
    D:10: 1024 daAuts
     D:1: 790 daAuts
     D:6: 746 daAuts
     D:3: 677 daAuts
     D:5: 588 daAuts
     D:8: 582 daAuts
     D:4: 541 daAuts
     D:7: 532 daAuts
   Sewer: 351 daAuts
 Ossuary: 294 daAuts
    D:11: 193 daAuts
 Abyss:2: 133 daAuts
   Orc:1: 16 daAuts
